 Dungeon Crawl Stone Soup version 0.20.1-1-g8b1a95d (webtiles) character file.

33 lysyklops the Ruffian (level 3, 0/30 HPs)
             Began as a Ghoul Warper on Nov 20, 2017.
             Slain by a gnoll
             ... wielding a +0 halberd
              (9 damage)
             ... on level 2 of the Dungeon on Nov 25, 2017.
             The game lasted 00:06:02 (1192 turns).

lysyklops the Ruffian (Ghoul Warper)                Turns: 1192, Time: 00:06:03

Health: 0/30       AC:  3    Str: 14    XL:     3   Next: 29%
Magic:  5/5        EV: 11    Int:  9    God:
Gold:   46         SH:  2    Dex:  8    Spells: 2/6 levels left

rFire    . . .     SeeInvis .   r - +2 hand axe (elec)
rCold    + . .     Gourm    .   (no shield)
rNeg     + + +     Faith    .   a - +0 leather armour
rPois    ∞         Spirit   .   (no helmet)
rElec    .         Reflect  +   (no cloak)
rCorr    .         Harm     .   (no gloves)
MR       .....                  (no boots)
Stlth    +.........             m - +2 amulet of reflection
Regen    0.0/turn               (no ring)
MPRegen  0.1/turn               (no ring)

@: rotting
A: rotting body, claws 1, carnivore 3, cold resistance 1, negative energy
resistance 3, inhibited regeneration, torment resistance, unbreathing
a: no special abilities


You were on level 2 of the Dungeon.
You were not hungry.

You visited 1 branch of the dungeon, and saw 2 of its levels.

You collected 46 gold pieces.

Inventory:

Hand Weapons
 i - a +0 dagger
 n - a +0 dagger
 r - a +2 hand axe of electrocution (weapon)
Missiles
 d - 5 tomahawks of dispersal (quivered)
Armour
 a - a +0 leather armour (worn)
Jewellery
 l - an uncursed amulet of the gourmand
 m - a +2 amulet of reflection (around neck)
Scrolls
 c - a scroll of blinking
 p - a scroll of teleportation {unknown}
Potions
 e - a potion of flight {unknown}
 h - a potion of degeneration {unknown}
 j - a potion of mutation {unknown}
 q - a potion of might {unknown}
Books
 b - a book of Spatial Translocations

   Spells                             Type                      Level
   a - Blink                          Translocation                2
   b - Shroud of Golubria             Charms/Translocation         2
   c - Lesser Beckoning               Translocation                3
   d - Gell's Gravitas                Translocation                3
   e - Teleport Other                 Translocation                3
   f - Passage of Golubria            Translocation                4
Comestibles
 f - 3 meat rations
 g - 5 chunks of flesh
 k - 2 bread rations
 o - a royal jelly


   Skills:
 + Level 2.4 Fighting
 + Level 1.0 Throwing
 + Level 1.1 Armour
 + Level 2.0 Dodging
 + Level 3.0 Unarmed Combat
 + Level 2.0 Spellcasting
 + Level 2.8 Translocations


You had 2 spell levels left.
You knew the following spells:

 Your Spells              Type           Power        Failure   Level  Hunger
a - Blink                 Tloc           N/A          21%         2    ###....
b - Shroud of Golubria    Chrm/Tloc      #.........   34%         2    ###....


Dungeon Overview and Level Annotations

Branches:
Dungeon (2/15)

Altars:


Innate Abilities, Weirdness & Mutations

Your body is rotting away.
You thrive on raw meat.
You are immune to poison.
You have sharp fingernails.
You are carnivorous and can eat meat at any time.
Your flesh is cold resistant. (rC+)
You are immune to negative energy. (rN+++)
You do not regenerate when monsters are visible.
You are immune to unholy pain and torment.
You can survive without breathing.


Message History

Found a stone staircase leading down.
A gnoll comes into view.
The gnoll shouts!
A gnoll comes into view. It is wielding a whip.
The gnoll shouts!
Found a club.
A gnoll comes into view. It is wielding a halberd.
You barely miss the gnoll. The gnoll closely misses you.
You barely miss the gnoll. The gnoll barely misses you.
A worm comes into view.
You barely miss the gnoll. The gnoll closely misses you.
You barely miss the gnoll. The gnoll closely misses you.
You hit the gnoll.
The gnoll is moderately wounded.
The gnoll hits you with a whip.
The gnoll hits you from afar with a halberd!
The gnoll hits you. The gnoll hits you with a whip.
* * * LOW HITPOINT WARNING * * *
The gnoll hits you from afar with a halberd!
You die...

....#...###.#
#.........
#########
#.####.).......
#......<...####
#........###
#........##
##........##
#......g..##
#....gg#...#
#....@.#.#......
#......#.g#####.
##....>##.#
#...w.# .#
#...... ..
#........)
#..........
#........


You could see a worm and 3 gnolls.

Vanquished Creatures
  2 dart slugs
  4 giant cockroaches (D:1)
  2 goblins
  6 hobgoblins (D:1)
  3 kobolds (D:1)
  6 bats
  A frilled lizard (D:2)
  4 rats (D:1)
28 creatures vanquished.

Notes
Turn   | Place    | Note
-------+----------+-------------------------------------------
     0 | D:1      | lysyklops the Ghoul Warper began the quest for the Orb.
     0 | D:1      | Reached XP level 1. HP: 17/17 MP: 2/2
    10 | D:1      | Reached skill level 1 in Throwing
   144 | D:1      | Reached XP level 2. HP: 24/25 MP: 4/4
   148 | D:1      | Learned a level 2 spell: Blink
   151 | D:1      | Learned a level 2 spell: Shroud of Golubria
   436 | D:1      | Reached skill level 1 in Armour
   680 | D:1      | Reached XP level 3. HP: 23/30 MP: 5/5
  1158 | D:2      | Reached skill level 3 in Unarmed Combat
  1192 | D:2      | Slain by a gnoll

Skill      XL: |  1  2  3 |
---------------+----------+-----
Throwing       | 1 |  1.0
Spellcasting   | 2 |  2.0
Armour         | 1 |  1.1
Dodging        | 2 |  2.0
Unarmed Combat | 3 |  3.0
Fighting       | |  2.4
Translocations | |  2.8

Action                   || total
-------------------------++-------
Melee: Unarmed           ||    93
       Hand axe          ||    16
  Eat: Chunk             ||     1
Armor: Leather armour    ||    45
Dodge: Dodged            ||    68
Block: Other             ||     7
